 Dungeon Crawl Stone Soup version 0.23.1-37-gaa34b87 (webtiles) character file.

Game seed: 10676021394868083801

805 vishdafish the Ruffian (level 7, 0/46 HPs)
             Began as an Octopode Fighter on Mar 22, 2019.
             Was an Initiate of Gozag.
             Shot with an arrow by a centaur (3 damage)
             ... on level 5 of the Dungeon.
             The game lasted 00:05:04 (4789 turns).

vishdafish the Ruffian (Octopode Fighter)           Turns: 4789, Time: 00:05:05

Health: 0/46       AC:  1    Str: 17    XL:     7   Next: 91%
Magic:  7/7        EV: 12    Int: 11    God:    Gozag
Gold:   217        SH: 11    Dex: 14    Spells: 6/6 levels left

rFire    . . .     SeeInvis .     - Unarmed
rCold    . . .     Gourm    .   a - +1 shield
rNeg     . . .     Faith    .   (helmet restricted)
rPois    .         Spirit   .   o - amulet of magic regeneration
rElec    .         Reflect  .   j - +3 ring of dexterity
rCorr    .         Harm     .   (no ring)
MR       .....                  (no ring)
Stlth    ++........             (no ring)
HPRegen  0.15/turn              (no ring)
MPRegen  0.35/turn              (no ring)
                                (no ring)
                                (no ring)

@: gold aura, very slightly contaminated
A: almost no armour, stealthy swim, amphibious, 8 rings, constrict 8, camouflage
1, gelatinous body 1
a: Potion Petition, Call Merchant, Bribe Branch, Renounce Religion


You were on level 5 of the Dungeon.
You worshipped Gozag.
Gozag was aware of your devotion.
You were not hungry.

You visited 2 branches of the dungeon, and saw 6 of its levels.
You also visited: Sewer.

You collected 301 gold pieces.
You paid 84 gold pieces to Gozag.

Inventory:

Armour
 a - a +1 shield (worn)
Jewellery
 j - a +3 ring of dexterity (left tentacle)
 k - an uncursed ring of ice
 o - an amulet of magic regeneration (around mantle)
Scrolls
 b - a scroll of enchant weapon
 f - 2 scrolls of amnesia
 h - a scroll of blinking
 i - 2 scrolls of fear
 m - 4 scrolls of random uselessness {unknown}
 p - 4 scrolls of teleportation
 q - 3 scrolls of fog {unknown}
 r - a scroll of immolation {unknown}
 s - 2 scrolls of identify
 w - a scroll of vulnerability {unknown}
Potions
 d - a potion of degeneration
 e - a potion of invisibility {unknown}
 g - a potion of mutation {unknown}
 l - 2 potions of brilliance {unknown}
 n - 3 potions of curing
 t - a potion of agility {unknown}
 u - 2 potions of flight {unknown}
 v - a potion of might
Comestibles
 c - 5 rations


   Skills:
 - Level 3.0 Fighting
 - Level 3.0 Dodging
 + Level 5.7 Shields
 * Level 7.2 Unarmed Combat


You had 6 spell levels left.
You didn't know any spells.
Your spell library contained the following spells:

 Spells                   Type           Power        Failure   Level  Hunger
 Corona                   Hex            #......      75%         1    ##.....
 Ensorcelled Hibernation  Hex/Ice        #.....       87%         2    ###....
 Confuse                  Hex            #.......     98%         3    ####...
 Dazzling Spray           Conj/Hex       #.....       98%         3    ####...
 Tukima's Dance           Hex            #.......     98%         3    ####...


Dungeon Overview and Level Annotations

Branches:
Dungeon (5/15)             Temple (1/1) D:5

Altars:
Ashenzari
Dithmenos
Elyvilon
Gozag
Hepliaklqana
Nemelex Xobeh
Okawaru
Qazlal
Ru
Sif Muna
Uskayaw
Vehumet
Zin
The Shining One


Innate Abilities, Weirdness & Mutations

You cannot wear most types of armour.
You are very stealthy in the water. (Stealth+)
You are amphibious.
You can wear up to eight rings at the same time.
You can use your tentacles to constrict eight enemies at once.
Your skin changes colour to match your surroundings (Stealth+).
Your rubbery body absorbs attacks. (AC +1, EV +1)


Message History

You block the howler monkey's attack.
You see here an arrow.
The centaur shoots an arrow.
The arrow closely misses you.
You see here an arrow.
You tentacle-slap the howler monkey. You grab the howler monkey.
You tentacle-slap the howler monkey. You squeeze the howler monkey!
You kill the howler monkey!
The centaur shoots an arrow.
The arrow hits you!
* * * LOW HITPOINT WARNING * * *
The centaur shoots an arrow.
The arrow hits you!
* * * LOW HITPOINT WARNING * * *
Okay, then.
Okay, then.
Blink to where?
Press: ? - help, Dir - move target cursor You are very lightly contaminated with residual magic.
As you read the scroll of blinking, it crumbles to dust.
The centaur shoots an arrow.
The arrow hits you.
You die...
Your body crumbles into a pile of gold.

.....(..........................#
...........#..........#####....##
...........#...........####...##
..#.......###.............#.###
#.#.#.###.####...............#
..........#ยง##..............##
.... ##...c.###....>......###
.... #...(#..........######
#...##.(.###..#.@....#
........####..#......#
....c.(#[.#...#.....##
...............#..###
...#................# ##
#................#
#...##......#.....#
##.##......##.###.# ##
#....###... .#


You could see a centaur.

Vanquished Creatures
  Menkaure (D:4)
  An ogre (D:4)
  A bullfrog (D:5)
  2 howler monkeys (D:5)
  2 crimson imps (D:5)
  An orc priest (D:5)
  2 orc wizards (D:4)
  A bullfrog skeleton (D:4)
  2 worker ants
  3 gnolls (D:4)
  6 adders
  5 oozes
  5 worms
  A dart slug (D:3)
  4 leopard geckos
  11 orcs
  4 ball pythons
  9 bats
  7 giant cockroaches
  6 goblins
  8 hobgoblins
  4 jackals (Sewer)
  2 quokkas
  8 frilled lizards
  7 kobolds
  A quokka skeleton (D:5)
  13 rats
117 creatures vanquished.

Notes
Turn   | Place    | Note
-------+----------+-------------------------------------------
     0 | D:1      | vishdafish the Octopode Fighter began the quest for the
                  | Orb.
     0 | D:1      | Reached XP level 1. HP: 16/16 MP: 1/1
   115 | D:1      | Reached XP level 2. HP: 21/21 MP: 2/2
   409 | D:1      | Reached XP level 3. HP: 21/26 MP: 3/3
   493 | D:1      | Reached skill level 3 in Unarmed Combat
  1075 | D:2      | Found a stormy altar of Qazlal.
  1612 | D:3      | Reached XP level 4. HP: 24/31 MP: 4/4
  2321 | D:3      | Reached skill level 4 in Unarmed Combat
  2476 | D:3      | Reached XP level 5. HP: 36/36 MP: 5/5
  2579 | D:4      | Found a sparkling altar of Nemelex Xobeh.
  2602 | D:4      | Noticed Menkaure
  2610 | D:4      | Killed Menkaure
  2610 | D:4      | Reached skill level 5 in Unarmed Combat
  2610 | D:4      | Reached XP level 6. HP: 22/42 MP: 6/6
  3160 | D:4      | Found a sacrificial altar of Ru.
  3163 | D:4      | Found a shattered altar of Ashenzari.
  3186 | D:4      | Reached skill level 5 in Shields
  3186 | D:4      | Reached skill level 6 in Unarmed Combat
  3186 | D:4      | Reached XP level 7. HP: 31/46 MP: 7/7
  3400 | D:4      | Found an iron altar of Okawaru.
  3617 | D:5      | Entered Level 5 of the Dungeon
  3651 | D:5      | Found a glowing drain.
  3663 | Sewer    | Entered a sewer
  4532 | D:5      | Found a radiant altar of Vehumet.
  4568 | D:5      | Found a staircase to the Ecumenical Temple.
  4577 | Temple   | Entered the Ecumenical Temple
  4689 | Temple   | Became a worshipper of Gozag Ym Sagoz the Greedy
  4727 | D:5      | Reached skill level 7 in Unarmed Combat
  4762 | D:5      | Found a deep blue altar of Sif Muna.
  4784 | D:5      | HP: 2/46 [centaur/arrow (7)]
  4789 | D:5      | Shot with an arrow by a centaur

Skill      XL: |  1  2  3  4  5  6  7 |
---------------+----------------------+-----
Unarmed Combat | 3 4 5 6 7 |  7.2
Shields        | 4 5 |  5.7
Fighting       | |  3.0
Dodging        | |  3.0

Action                   |  1- 3 |  4- 6 |  7- 9 || total
-------------------------+-------+-------+-------++-------
Melee: Unarmed           |    79 |    93 |    92 ||   264
       Constrict         |    19 |    24 |    22 ||    65
       Tentacles         |     9 |    20 |    17 ||    46
       Punch             |     2 |     2 |     4 ||     8
  Use: Scroll            |     6 |     1 |     3 ||    10
       Potion            |       |     2 |       ||     2
 Stab: Sleeping          |     6 |     6 |     3 ||    15
  Eat: Chunk             |     2 |     5 |     3 ||    10
       Ration            |       |       |     1 ||     1
Armor: Skin              |     6 |     5 |     7 ||    18
Dodge: Dodged            |    24 |    19 |    41 ||    84
Block: Shield            |    25 |    35 |    53 ||   113
